 Dungeon Crawl Stone Soup version 0.31-a0-496-g6f97920a28 (webtiles) character file.

Game seed: 6746146778989024818

1350 randomguy2701 the Stinger (level 8, -6/47 HPs)
             Began as an Octopode Venom Mage on Aug 8, 2023.
             Was a Follower of Sif Muna.
             Mangled by an ice beast (14 damage)
             ... on level 6 of the Dungeon.
             The game lasted 00:14:58 (7686 turns).

randomguy2701 the Stinger (Octopode Venom Mage)     Turns: 7686, Time: 00:14:59

Health: -6/47      AC:  1    Str:  7    XL:     8   Next: 63%
Magic:  12/16      EV: 13    Int: 19    God:    Sif Muna [*.....]
Gold:   380        SH:  0    Dex: 13    Spells: 13/18 levels left

rFire   + . .        p - +1 whip of the King {freeze, rF+ rCorr}
rCold   . . .        (no shield)
rNeg    . . .        i - +0 hat {Stlth+}
rPois   .            (no amulet)
rElec   .            o - ring of resist corrosion
rCorr   +            v - +4 ring of slaying
SInv    .            (no ring)
Will    .....        (no ring)
Stlth   +++++        (no ring)
HPRegen 0.27/turn    (no ring)
MPRegen 0.15/turn    (no ring)
                     (no ring)

%: no passive effects
@: no status effects
A: almost no armour, amphibious, 8 rings, camouflage 1, gelatinous body 1,
(nimble swimmer 1), tentacles
a: Renounce Religion, Channel Magic


You were on level 6 of the Dungeon.
You worshipped Sif Muna.
Sif Muna was aware of your devotion.
You visited 1 branch of the dungeon, and saw 6 of its levels.

You collected 380 gold pieces.

Inventory:

Hand Weapons
 p - the +1 whip of the King (weapon) {freeze, rF+ rCorr}
   (You found it on level 2 of the Dungeon)

   rF:        It protects you from fire.
   rCorr:     It protects you from acid and corrosion.
Missiles
 j - 2 throwing nets
Armour
 i - a +0 hat of stealth (worn)
Jewellery
 o - a ring of resist corrosion (left tentacle)
 v - a +4 ring of slaying (right tentacle)
 B - a +6 ring of intelligence
 C - an amulet of magic regeneration
Talismans
 u - a flux talisman
Wands
 w - a wand of paralysis (12)
 y - a wand of iceblast (9)
Scrolls
 b - a scroll of torment {unknown}
 c - 4 scrolls of identify {unknown}
 e - 4 scrolls of enchant armour {unknown}
 f - a scroll of immolation {unknown}
 h - 3 scrolls of poison {unknown}
 l - a scroll of blinking {unknown}
 m - a scroll of fog {unknown}
 n - a scroll of enchant weapon {unknown}
 q - 2 scrolls of teleportation {unknown}
 r - 2 scrolls of acquirement {unknown}
 s - a scroll of silence {unknown}
 t - a scroll of vulnerability {unknown}
 x - a scroll of revelation {unknown}
Potions
 a - 4 potions of magic
 d - 4 potions of haste {unknown}
 g - 3 potions of degeneration {unknown}
 k - a potion of ambrosia {unknown}
 z - a potion of cancellation {unknown}
 A - a potion of mutation {unknown}


   Skills:
 + Level 0.9 Fighting
 + Level 0.2 Maces & Flails
 + Level 2.6 Dodging
 * Level 6.7 Stealth
 + Level 5.8 Spellcasting
 - Level 2.3 Transmutations
 + Level 7.7 Poison Magic
 * Level 2.5 Invocations


You had 13 spell levels left.
You knew the following spells:

 Your Spells              Type           Power      Damage    Failure   Level
a - Sting                 Tmut/Pois      96%        1d7       1%          1
b - Olgreb's Toxic Radia  Pois           34%        N/A       4%          4

Your spell library contained the following spells:

 Spells                   Type           Power      Damage    Failure   Level
 Poisonous Vapours        Pois/Air       40%        N/A       3%          2
 Wereblood                Tmut           14%        N/A       7%          2
 Mephitic Cloud           Conj/Pois/Air  15%        N/A       12%         3
 Sublimation of Blood     Necr           5%         N/A       17%         2
 Inner Flame              Hex/Fire       5%         N/A       34%         3
 Yara's Violent Unravell  Hex/Tmut       4%         3d4       89%         5
 Enfeeble                 Hex            2%         N/A       100%        7
 Summon Hydra             Summ           2%         N/A       100%        7


Dungeon Overview and Level Annotations

Branches:
Dungeon (6/15)
 Temple: D:4-7

Altars:
Hepliaklqana
Sif Muna
Uskayaw
Xom
Zin

Shops:
D:1 =

Annotations:
D:6 1 runed translucent door, Crazy Yiuf


Innate Abilities, Weirdness & Mutations

You cannot wear most types of armour.
You are amphibious.
You can wear up to eight rings at the same time.
Your skin changes colour to match your surroundings (Stealth+).
Your rubbery body absorbs attacks. (AC +1, EV +1)
((You are camouflaged when in or above water. (Stealth+)))
You have tentacles for arms and can constrict up to eight enemies at once.


Message History

An ice beast is nearby!
An ice beast is nearby!
An ice beast is nearby!
An ice beast is nearby!
Casting: Sting (safe; 1% risk of failure)
Confirm with . or Enter, or press ? or * to list all spells.
You begin to radiate toxic energy.
Casting: Olgreb's Toxic Radiance (dangerous; 4% risk of failure)
Confirm with . or Enter, or press ? or * to list all spells.
Your toxic radiance grows in intensity.
You see here a +0 dagger.
Your toxic aura wanes.
There is a stone staircase leading down here.
Casting: Olgreb's Toxic Radiance (dangerous; 4% risk of failure)
Confirm with . or Enter, or press ? or * to list all spells.
You begin to radiate toxic energy.
There is an open door here.
Your toxic aura wanes.
You close the door.
You open the door.
There is an open door here.
The ice beast attacks as you move away! The ice beast barely misses you.
The ice beast attacks as you move away! The ice beast barely misses you.
The ice beast attacks as you move away! The ice beast hits you.
The ice beast freezes you!
You hit the ice beast.
The ice beast is lightly wounded.
The ice beast hits you. The ice beast freezes you!
You hit the ice beast.
The ice beast is moderately wounded.
The ice beast hits you. The ice beast freezes you.
* * * LOW HITPOINT WARNING * * *
Aiming: Paralyse
Press: ? - help, Q - select action, (/) - cycle Shift-Dir - straight line, f - ice beast
Aim: an ice beast (moderately wounded, chance to affect: 49%)
The ice beast resists with some effort.
The ice beast hits you.
* * * LOW HITPOINT WARNING * * *
The ice beast freezes you!
You die...

...<..#...............# #.#
...#.##).............## #.#
...+...).##########.## #.#
...#.#...#........#.# #.#
...#.#.).#.###.#....# #.#
####.#..##.# #.#.#### #.#
####.#.....# #...# #.#
...#.#.############ #.#
...#.#)##......Y@.# #.#
...#....#.#######.# #.#
...#..............# #.#
...#......###############.#
...#......................#
.###.#'#.##################
.###.#.#.# .#...#.#.#
.#.....#.#


You could see an ice beast.

Vanquished Creatures
  A black bear (D:4)
  An ogre (D:4)
  2 phantoms
  A kobold brigand (D:6)
  A bullfrog (D:6)
  2 scorpions
  A howler monkey (D:4)
  3 hounds
  A jelly (D:6)
  6 orc priests
  A sleepcap (D:6)
  An iguana (D:5)
  4 orc wizards
  8 gnolls
  9 adders
  A dart slug (D:1)
  25 orcs
  7 endoplasms
  4 giant cockroaches
  4 goblins
  4 hobgoblins
  4 jackals (D:4)
  12 kobolds
  5 quokkas
  6 ball pythons
  6 bats
  5 frilled lizards
  7 rats
132 creatures vanquished.

Notes
Turn   | Place    | Note
-------+----------+-------------------------------------------
     0 | D:1      | randomguy2701 the Octopode Venom Mage began the quest for
                  | the Orb.
     0 | D:1      | Reached XP level 1. HP: 11/11 MP: 3/3
   215 | D:1      | Reached skill level 4 in Poison Magic
   216 | D:1      | Reached XP level 2. HP: 12/17 MP: 0/5
   547 | D:1      | Found Moadae's Jewellery Shop.
   846 | D:1      | Found a faded altar of an unknown god.
  1044 | D:1      | Reached XP level 3. HP: 21/21 MP: 3/6
  1536 | D:2      | Reached XP level 4. HP: 27/27 MP: 3/7
  2017 | D:2      | Identified the +1 whip of the King {freeze, rF+ rCorr}
  2510 | D:3      | Reached XP level 5. HP: 31/31 MP: 6/9
  2611 | D:3      | Found a hide-covered altar of Uskayaw.
  3000 | D:3      | Identified the +3 cloak of Compression {-Tele Int+3 Dex+6}
  3220 | D:4      | Reached skill level 5 in Poison Magic
  3235 | D:4      | Noticed an ogre
  3243 | D:4      | Found a shimmering altar of Xom.
  3563 | D:4      | Noticed a black bear
  3572 | D:4      | Reached XP level 6. HP: 34/36 MP: 5/11
  3640 | D:4      | Learned a level 4 spell: Olgreb's Toxic Radiance
  3755 | D:4      | Found a shimmering blue altar of Sif Muna.
  3759 | D:4      | Became a worshipper of Sif Muna the Loreminder
  3766 | D:4      | Killed a black bear
  3899 | D:4      | Found a glowing silver altar of Zin.
  4667 | D:4      | Reached skill level 6 in Poison Magic
  4667 | D:4      | Reached XP level 7. HP: 42/42 MP: 1/13
  4820 | D:5      | Entered Level 5 of the Dungeon
  4836 | D:5      | Reached skill level 5 in Stealth
  5271 | D:5      | Found a hazy altar of Hepliaklqana.
  5452 | D:5      | Reached * piety under Sif Muna
  5574 | D:5      | Reached skill level 5 in Spellcasting
  5784 | D:5      | Reached skill level 7 in Poison Magic
  5952 | D:5      | Reached skill level 1 in Invocations
  5952 | D:5      | Reached XP level 8. HP: 31/47 MP: 0/15
  7454 | D:6      | Found a runed translucent door.
  7455 | D:6      | Noticed Crazy Yiuf
  7686 | D:6      | Mangled by an ice beast

Illustrated notes

Levels and vault maps discovered:
D:1:      grunt_arrival_lava_bath, layout_loops_corners,
          ebering_ecumenical_altar_sacrificial, serial_shops,
          nicolae_shop_gaudy_bauble, minmay_octomino_j4
D:2:      layout_rooms, st_stairs_8, kennysheep_generic_room_3
D:3:      layout_basic, mainiacjoe_overflow_alcove_1
D:4:      layout_loops_ring, xom_teletrap_fun,
          mainiacjoe_overflow_catch_the_wave
D:5:      layout_basic, nicolae_hepliaklqana_hazy_memory, cheibrodos_gnoll_hut
D:6:      layout_basic, uniq_crazy_yiuf_cottage

Skill      XL: |  1  2  3  4  5  6  7  8 |
---------------+-------------------------+-----
Poison Magic   | 4 5 6 7 |  7.7
Stealth        | 3 4 6 |  6.7
Spellcasting   | 3 4 5 |  5.8
Transmutations | 2 |  2.3
Invocations    | 1 2 |  2.5
Fighting       | |  0.9
Maces & Flails | |  0.2
Dodging        | |  2.6

Action                     |  1- 3 |  4- 6 |  7- 9 || total
---------------------------+-------+-------+-------++-------
  Melee: Unarmed           |    13 |       |       ||    13
         Tentacles         |     3 |       |     4 ||     7
         Constrict         |     5 |     2 |     1 ||     8
         Whip              |       |     7 |    19 ||    26
   Cast: Sting             |    57 |   100 |    50 ||   207
         Olgreb's Toxic Ra |       |     7 |    43 ||    50
  Evoke: Wand              |       |       |     1 ||     1
   Stab: Sleeping          |     1 |       |       ||     1
 Armour: Skin              |     3 |     1 |     2 ||     6
  Dodge: Dodged            |    33 |    43 |    31 ||   107

Table legend: (Time is in decaauts)
 A = Elapsed time spent in this place.
 B = Non-inter-level travel time spent in this place.
 C = Inter-level travel time spent in this place.
 D = Time resting spent in this place.
 E = Time spent auto-exploring this place.
 F = Levels seen in this place.
 G = Mean time per level.
                   A        B        C        D        E       F      G
               +--------+--------+--------+--------+--------+-----+--------+
         Total |   7688 |   7238 |    450 |     81 |   6172 |   6 | 1281.3 |
       Dungeon |   7688 |   7238 |    450 |     81 |   6172 |   6 | 1281.3 |
               +--------+--------+--------+--------+--------+-----+--------+

Top non-repeatable levels by time:
     D:5: 1700 daAuts
     D:4: 1406 daAuts
     D:1: 1332 daAuts
     D:3: 1263 daAuts
     D:6: 1166 daAuts
     D:2: 819 daAuts
